 Dungeon Crawl Stone Soup version 0.22-a0-63-geddfa9b (webtiles) character file.

95 esteth the Magician (level 4, -5/24 HPs)
             Began as a Deep Elf Fire Elementalist on Jan 5, 2018.
             Slain by Ijyb
             ... wielding a +0 club
              (7 damage)
             ... on level 3 of the Dungeon on Jan 10, 2018.
             The game lasted 00:07:49 (1795 turns).

esteth the Magician (Deep Elf Fire Elementalist)    Turns: 1795, Time: 00:07:49

Health: -5/24      AC:  2    Str:  5    XL:     4   Next: 40%
Magic:  10/12      EV: 13    Int: 21    God:
Gold:   171        SH:  0    Dex: 15    Spells: 10/11 levels left

rFire    . . .     SeeInvis .   p - +0 long sword
rCold    . . .     Gourm    .   (no shield)
rNeg     . . .     Faith    .   a - +0 robe
rPois    .         Spirit   .   (no helmet)
rElec    .         Reflect  .   (no cloak)
rCorr    .         Harm     .   (no gloves)
MR       .....                  (no boots)
Stlth    ++........             (no amulet)
HPRegen  0.08/turn              (no ring)
MPRegen  0.13/turn              (no ring)

@: no status effects
A: no striking features
a: no special abilities


You were on level 3 of the Dungeon.
You were hungry.

You visited 1 branch of the dungeon, and saw 3 of its levels.

You collected 171 gold pieces.

Inventory:

Hand Weapons
 p - a +0 long sword (weapon)
Armour
 a - a +0 robe (worn)
Scrolls
 h - 6 scrolls of identify {unknown}
 k - a scroll of magic mapping {unknown}
 l - 2 scrolls of remove curse {unknown}
 m - 2 scrolls of amnesia {unknown}
 n - 2 scrolls of enchant armour {unknown}
 q - a scroll of blinking {unknown}
Potions
 e - a potion of magic
 g - a potion of cancellation {unknown}
 i - a potion of lignification {unknown}
 j - a potion of might {unknown}
 o - 2 potions of heal wounds {unknown}
Books
 b - a book of Flames

   Spells                             Type                      Level
   a - Flame Tongue                   Conjuration/Fire             1
   b - Throw Flame                    Conjuration/Fire             2
   c - Conjure Flame                  Conjuration/Fire             3
   d - Inner Flame                    Hexes/Fire                   3
   e - Sticky Flame                   Conjuration/Fire             4
   f - Fireball                       Conjuration/Fire             5
Comestibles
 c - 3 rations
 f - 3 chunks of flesh


   Skills:
 - Level 3.2 Dodging
 - Level 3.3 Stealth
 + Level 4.0 Spellcasting
 + Level 2.3 Conjurations
 + Level 3.9 Fire Magic


You had 10 spell levels left.
You knew the following spells:

 Your Spells              Type           Power        Failure   Level  Hunger
a - Flame Tongue          Conj/Fire      ###..        3%          1    None


Dungeon Overview and Level Annotations

Branches:
Dungeon (3/15)

Altars:
Fedhas
Makhleb
Qazlal
Zin

Annotations:
D:2 2 transporters
D:3 Ijyb


Message History

The giant cockroach is moderately wounded.
Ijyb hits you with a club.
Casting: Flame Tongue
Confirm with . or Enter, or press ? or * to list all spells.
Aiming: Flame Tongue
Press: ? - help, Shift-Dir - straight line, f/p - Ijyb
Aim: Ijyb, wielding a club, wearing a shiny scale mail and carrying a wand of flame (29) (lightly wounded)
The flame tongue hits Ijyb.
Ijyb appears unharmed.
Ijyb is lightly wounded.
Ijyb hits you with a club.
* * * LOW HITPOINT WARNING * * *
Casting: Flame Tongue
Confirm with . or Enter, or press ? or * to list all spells.
Aiming: Flame Tongue
Press: ? - help, Shift-Dir - straight line, f/p - Ijyb
Aim: Ijyb, wielding a club, wearing a shiny scale mail and carrying a wand of flame (29) (lightly wounded)
The flame tongue hits Ijyb.
Ijyb appears unharmed.
Ijyb is lightly wounded.
Ijyb hits you with a club!
You die...

#....#.# ## #....#.####.#
.# .. #............. .#.
...#.##...##.###.## ..
#........# .## # #...##...#
..# # .. (.. #.### #.# # .#
#.#####.# # .#. ..
#...@gsg# ##.#...
#######.##.#... ##.#..
......g........
##.#.#############.....#...
'..#.#<....... #.....#
#....#..###### #..#..#
#....#......# #.......
#.......#..... .......##
#....####+#.## ...#...#


You could see Ijyb, a giant cockroach and a goblin.

Vanquished Creatures
  3 adders
  An ooze (D:3)
  A worm (D:2)
  A dart slug (D:1)
  3 leopard geckos
  An orc (D:3)
  8 bats
  A giant cockroach (D:2)
  9 goblins
  7 hobgoblins
  4 jackals (D:2)
  A quokka (D:2)
  5 frilled lizards
  3 kobolds
  5 rats
53 creatures vanquished.

Notes
Turn   | Place    | Note
-------+----------+-------------------------------------------
     0 | D:1      | esteth the Deep Elf Fire Elementalist began the quest for the Orb.
     0 | D:1      | Reached XP level 1. HP: 10/10 MP: 6/6
     0 | D:1      | Upgraded the game from 0.22-a0-42-g002c468 to 0.22-a0-49-g614aadd
   198 | D:1      | Reached XP level 2. HP: 15/15 MP: 6/8
   731 | D:2      | Reached XP level 3. HP: 19/19 MP: 4/9
   792 | D:2      | Found a glowing silver altar of Zin.
   792 | D:2      | Found a stormy altar of Qazlal.
   792 | D:2      | Found a burning altar of Makhleb.
   794 | D:2      | Noticed an orc warrior
   794 | D:2      | Noticed a big kobold
   796 | D:2      | Found a transporter.
   809 | D:2      | Found a transporter.
   825 | D:2      | Found a blossoming altar of Fedhas.
  1139 | D:2      | Upgraded the game from 0.22-a0-49-g614aadd to 0.22-a0-63-geddfa9b
  1591 | D:2      | Reached XP level 4. HP: 24/24 MP: 7/11
  1775 | D:3      | Noticed Ijyb
  1790 | D:3      | Reached skill level 4 in Spellcasting
  1795 | D:3      | Slain by Ijyb

Vault maps used:
D:1:      dpeg_arrival_line_fractal
D:2:      gammafunk_temple_overflow_arena, old_standard_altar
D:3:      grunt_temple_overflow_cloverleaf, uniq_jessica, uniq_ijyb

Skill      XL: |  1  2  3  4 |
---------------+-------------+-----
Stealth        | 3 |  3.3
Dodging        | 3 |  3.2
Conjurations   | 2 |  2.3
Spellcasting   | 4 |  4.0
Fire Magic     | |  3.9

Action                   |  1- 3 |  4- 6 || total
-------------------------+-------+-------++-------
Melee: Unarmed           |     4 |       ||     4
       Long sword        |       |    13 ||    13
 Cast: Flame Tongue      |    75 |    17 ||    92
  Use: Potion            |       |     2 ||     2
  Eat: Chunk             |     2 |       ||     2
Armor: Robe              |     3 |     3 ||     6
Dodge: Dodged            |    14 |    17 ||    31
       Rpst.: Long sword |     1 |     6 ||     7

Table legend:
 A = Spawn XP
 B = Non-spawn XP
 C = Spawn XP percentage of total XP
 D = Spawn monster count
 E = Non-spawn monster count
 F = Spawn count percentage of total count
 G = Total turns spent on level
                    A         B        C        D         E        F      G
               +---------+---------+-------+---------+---------+-------+---------
         Total |       0 |     137 |   0.0 |       0 |      53 |   0.0 |  1795
               +---------+---------+-------+---------+---------+-------+---------
           D:1 |       0 |      30 |   0.0 |       0 |      16 |   0.0 |   601
           D:2 |       0 |      75 |   0.0 |       0 |      29 |   0.0 |  1029
           D:3 |       0 |      32 |   0.0 |       0 |       8 |   0.0 |   165
               +---------+---------+-------+---------+---------+-------+---------
